 Dungeon Crawl Stone Soup version 0.29.1-1-gd02db6906a (webtiles) character file.

Game seed: 11968027965900997352

83 DemonSlayer the Firebug (level 4, 0/45 HPs)
             Began as a Demonspawn Fire Elementalist on Oct 1, 2022.
             Slain by an orc
             ... wielding a +0 mace
              (3 damage)
             ... on level 4 of the Dungeon.
             The game lasted 00:13:15 (4282 turns).

DemonSlayer the Firebug (DsFE)                      Turns: 4282, Time: 00:13:16

Health: 0/45       AC: 22    Str:  9    XL:     4   Next: 22%
Magic:  7/7        EV: -1    Int: 18    God:
Gold:   192        SH:  0    Dex: 13    Spells: 0/8 levels left

rFire   . . .      SeeInvis .   d - +1 dagger
rCold   . . .      Faith    .   q - orb {guile}
rNeg    . . .      Spirit   .   (body armour currently unavailable)
rPois   +          Reflect  .   (helmet currently unavailable)
rElec   .          Harm     .   (cloak currently unavailable)
rCorr   .          Rampage  .   (gloves currently unavailable)
Will    .....      NoTele   +   (boots currently unavailable)
Stlth   ++........              (no amulet)
HPRegen 0.15/turn               (no ring)
MPRegen 0.10/turn               (no ring)

@: brilliant, lethally poisoned (0 -> -2), tree-form, attractive, constricted
A: stationary, stasis, torment immunity, boosted hp, (claws 1), (spiny 1),
demonic magic 1
a: no special abilities


You were on level 4 of the Dungeon.
You were a tree.
You visited 1 branch of the dungeon, and saw 4 of its levels.

You collected 192 gold pieces.

Inventory:

Hand Weapons
 d - a +1 dagger (weapon)
Missiles
 h - 2 atropa-tipped darts
Armour
 a - a +0 robe (melded)
 p - a +0 cloak (melded)
 q - an orb of guile (worn)
Wands
 m - a wand of light (11)
Scrolls
 b - 2 scrolls of summoning
 c - a scroll of enchant weapon
Potions
 f - a potion of attraction


   Skills:
 + Level 0.3 Short Blades
 + Level 1.9 Dodging
 + Level 2.3 Stealth
 + Level 2.6 Spellcasting
 + Level 1.4 Conjurations
 + Level 3.6 Fire Magic


You couldn't memorise any spells.
You knew the following spells:

 Your Spells              Type           Power      Damage    Failure   Level
a - Foxfire               Conj/Fire      68%        2x1d7     6%          1
b - Scorch                Fire           46%        2d7       6%          2
c - Conjure Flame         Conj/Fire      17%        6-21      19%         3
d - Call Imp              Summ           3%         N/A       26%         2

Your spell library contained the following spells:

 Spells                   Type           Power      Damage    Failure   Level
 Magic Dart               Conj           44%        1d5       10%         1
 Searing Ray              Conj           22%        2d5       14%         2
 Apportation              Tloc           6%         N/A       17%         1
 Inner Flame              Hex/Fire       13%        N/A       24%         3
 Ensorcelled Hibernation  Hex/Ice        6%         N/A       26%         2
 Mephitic Cloud           Conj/Pois/Air  6%         N/A       38%         3
 Ozocubu's Armour         Ice            3%         N/A       45%         3
 Spider Form              Tmut/Pois      3%         N/A       45%         3
 Flame Wave               Conj/Fire      17%        2d7       52%         4
 Fulminant Prism          Conj/Hex       3%         3d6       77%         4
 Anguish                  Hex/Necr       1%         N/A       86%         4
 Alistair's Intoxication  Tmut/Pois      2%         N/A       99%         5
 Malign Gateway           Summ/Tloc      1%         N/A       100%        7
 Ozocubu's Refrigeration  Ice            1%         4d7       100%        7
 Summon Horrible Things   Summ           1%         N/A       100%        8


Dungeon Overview and Level Annotations

Branches:
Dungeon (4/15)
 Temple: D:4-7

Altars:
Kikubaaqudgha

Shops:
D:3 [   D:4 (

Annotations:
D:4 Menkaure


Innate Abilities, Weirdness & Mutations

You are a tree.
Your roots penetrate the ground, keeping you stationary.
You cannot be teleported.
You are immune to unholy pain and torment.
Your maximum health is greatly increased.
Your equipment is partially melded.
((You have sharp fingernails.))
((You are partially covered in sharp spines.))
Spells you cast may paralyse adjacent enemies.


Message History

You feel better.
The ball python bites you but does no damage.
The adder is struck by your spines. The adder bites you.
You are poisoned.
The adder poisons you!
Menkaure calls on the powers of darkness!
The orc convulses!
Your body is wracked with pain!
* * * LOW HITPOINT WARNING * * *
The orc closely misses you.
You hit the adder but do no damage.
The adder is almost dead.
* * * LOW HITPOINT WARNING * * *
You feel sick. The adder barely misses you. The ball python bites you.
* * * LOW HITPOINT WARNING * * *
Unknown command.
It was a potion of lignification.
You turn into a tree.
Your +0 cloak melds into your body.
Your +0 robe melds into your body.
Your roots penetrate the ground.
You feel strangely stable.
You feel sick. The orc hits you but does no damage.
The adder bites you but does no damage. The ball python bites you.
* * * LOW HITPOINT WARNING * * *
The ball python grabs you. The ball python constricts you.
You barely miss the adder.
The adder is almost dead.
You feel sick. The adder bites you but does no damage.
The orc hits you but does no damage.
The ball python bites you but does no damage.
The ball python constricts you. The adder bites you.
* * * LOW HITPOINT WARNING * * *
Unknown command.
Unknown command.
Unknown command.
Unknown command.
You hit the orc but do no damage.
The orc is heavily wounded.
* * * LOW HITPOINT WARNING * * *
You feel sick.
The ball python bites you but does no damage.
The ball python constricts you. The orc hits you with a +0 mace.
You die...

..?........ #.#
...........
##...#
....##....###...#
. ..§.§S.§......#
#. ##......#....#
.# ##.....#..§.#
.# 8.<.∩.8...# .#
....###.§.####S#
# ....#
##.§(##♣.##
##....##
#....oS..#
.......
#..#..M#.## ...
....##...#.# ...
....# ##..#:# #..
.... #....# .
.... #....# ..
#..... ....##


You could see Menkaure (fast), an adder, an orc and a ball python.

Vanquished Creatures
  2 adders (D:3)
  2 worms (D:2)
  2 dart slugs (D:2)
  3 bats
  An endoplasm (D:2)
  3 giant cockroaches
  8 goblins
  8 hobgoblins
  3 quokkas
  3 ball pythons
  2 frilled lizards
  7 kobolds
  8 rats
  A bush (D:1)
53 creatures vanquished.

Vanquished Creatures (collateral kills)
  11 foxfires
11 creatures vanquished.

Vanquished Creatures (others)
  134 foxfires
  33 plants
167 creatures vanquished.

Grand Total: 231 creatures vanquished

Notes
Turn   | Place    | Note
-------+----------+-------------------------------------------
     0 | D:1      | DemonSlayer the Demonspawn Fire Elementalist began the
                  | quest for the Orb.
     0 | D:1      | Reached XP level 1. HP: 13/13 MP: 3/3
   202 | D:1      | Reached skill level 3 in Fire Magic
   333 | D:1      | Gained mutation: You are partially covered in sharp spines.
                  | [demonic ancestry]
   333 | D:1      | Reached XP level 2. HP: 19/19 MP: 0/5
   346 | D:1      | Learned a level 2 spell: Scorch
   475 | D:1      | Found a faded altar of an unknown god.
  1977 | D:2      | Gained mutation: Spells you cast may paralyse adjacent
                  | enemies. [demonic ancestry]
  1977 | D:2      | Reached XP level 3. HP: 21/24 MP: 1/6
  2096 | D:1      | Learned a level 3 spell: Conjure Flame
  3333 | D:3      | Gained mutation: You have sharp fingernails. [demonic
                  | ancestry]
  3333 | D:3      | Reached XP level 4. HP: 30/30 MP: 2/7
  3810 | D:3      | Found Zalioblu's Antique Armour Shoppe.
  4078 | D:3      | Learned a level 2 spell: Call Imp
  4126 | D:4      | Found an ancient bone altar of Kikubaaqudgha.
  4254 | D:4      | Noticed Menkaure
  4256 | D:4      | Found Jywewki's Weapon Boutique.
  4282 | D:4      | Slain by an orc

Illustrated notes

Levels and vault maps discovered:
D:1:      eino_arrival_water_star, layout_loops_corners,
          dreamdust_ecumenical_altar_statues, serial_forest,
          infiniplex_forest_lined_2, infiniplex_forest_3_way,
          infiniplex_forest_lined_4_way, infiniplex_forest_clump_double,
          infiniplex_forest_split, infiniplex_forest_clump_medium,
          infiniplex_forest_lined_room_2
D:2:      layout_loops_cross, serial_bayou, serial_bayou_shore_b,
          serial_bayou_lagoon_a, serial_bayou_crossing, serial_bayou_pond_b,
          minivault_26
D:3:      layout_basic, serial_shops, shop
D:4:      layout_layer_cave, mainiacjoe_overflow_surrounded_room,
          enter_ossuary_1, serial_shops, shop_statue, uniq_menkaure

Skill      XL: |  1  2  3 |
---------------+----------+-----
Fire Magic     | 3 |  3.6
Stealth        | 2 |  2.3
Short Blades   | |  0.3
Dodging        | |  1.9
Spellcasting   | |  2.6
Conjurations   | |  1.4

Action                   |  1- 3 |  4- 6 || total
-------------------------+-------+-------++-------
Melee: Unarmed           |     3 |       ||     3
       Hand axe          |   229 |       ||   229
       Punch             |     4 |       ||     4
       Dagger            |    11 |     5 ||    16
 Cast: Foxfire           |    86 |       ||    86
       Scorch            |     2 |     5 ||     7
  Use: Potion            |     2 |     7 ||     9
       Scroll            |       |     7 ||     7
 Stab: Sleeping          |     4 |     1 ||     5
       Paralysed         |     2 |       ||     2
Armor: Robe              |     8 |     4 ||    12
       Skin              |       |     6 ||     6
Dodge: Dodged            |    19 |    13 ||    32
